 Dungeon Crawl Stone Soup version 0.30-a0-702-gdf48620a09 (webtiles) character file.

Game seed: 10699101899820352335

21 Bnni the Scratcher (level 2, -8/14 HPs)
             Began as a Felid Chaos Knight on Jan 21, 2023.
             Was a Plaything of Xom.
             Mangled by Terence
             ... wielding a +4 heavy falchion
              (15 damage)
             ... on level 2 of the Dungeon.
             The game lasted 00:01:06 (689 turns).

Bnni the Scratcher (Felid Chaos Knight)              Turns: 689, Time: 00:01:06

Health: -8/14      AC:  1    Str:  8    XL:     2   Next: 65%
Magic:  3/3        EV: 17    Int: 13    God:    Xom [..*...]
Gold:   36         SH:  0    Dex: 15    Spells: 1/1 levels left
                                        Lives:  0   Deaths: 0

rFire   . . .      SeeInvis +      - Unarmed
rCold   . . .      Faith    .    (shield unavailable)
rNeg    . . .      Spirit   .    (body armour unavailable)
rPois   .          Reflect  .    (helmet unavailable)
rElec   .          Harm     .    (cloak unavailable)
rCorr   .          Rampage  .    (gloves unavailable)
Will    .....                    (boots unavailable)
Stlth   ++                       (no amulet)
HPRegen 0.22/turn                (no ring)
MPRegen 0.08/turn                (no ring)

@: quick
A: very small, claws 1, fangs 3, see invisible, speed 1, shaggy fur 1, stealthy
paws, no weapons or thrown items, no armour, multi-lived
a: Renounce Religion


You were on level 2 of the Dungeon.
You worshipped Xom.
You were a toy of Xom.
You visited 1 branch of the dungeon, and saw 2 of its levels.

You collected 36 gold pieces.

Inventory:

Scrolls
 c - a scroll of fog {unknown}
 d - a scroll of enchant armour {unknown}
 e - 2 scrolls of enchant weapon {unknown}
Potions
 b - a potion of brilliance {unknown}
 f - a potion of mutation {unknown}
 g - a potion of attraction {unknown}
Miscellaneous
 a - a piece from Xom's chessboard (15/15) (quivered)


   Skills:
 + Level 3.3 Fighting
 - Level 3.2 Dodging
 + Level 1.1 Stealth
 * Level 3.6 Unarmed Combat


You had one spell level left.
You didn't know any spells.
Your spell library was empty.

Dungeon Overview and Level Annotations

Branches:
Dungeon (2/15)

Altars:

Annotations:
D:2 Terence


Innate Abilities, Weirdness & Mutations

You have sharp claws.
You have razor-sharp teeth.
You have supernaturally acute eyesight. (SInv)
You cover ground quickly. (Speed+)
You are covered in fur. (AC +1)
Your paws help you pounce on unaware monsters.
You are incapable of wielding weapons or throwing items.
You cannot wear armour.
You gain extra lives every three experience levels.


Message History

Found a stone staircase leading down.
No target in view!
f - a grey potion No target in view!
You now have 36 gold pieces (gained 7).
Found a stone staircase leading up.
No target in view!
An endoplasm comes into view.
An endoplasm is nearby!
There is a stone staircase leading up here.
An endoplasm is nearby!
Found a metallic emerald potion.
An endoplasm is nearby!
An endoplasm is nearby!
An endoplasm is nearby!
You pounce on the unaware helpless endoplasm!
You claw the endoplasm!
You kill the endoplasm!
g - a metallic emerald potion No target in view!
Terence the Incautious comes into view.
He is wielding a +4 heavy falchion.
A worm comes into view.
A goblin comes into view. It is wielding a +0 dagger.
There are monsters nearby!
You pounce on the unaware helpless Terence!
You claw Terence!
Terence is heavily wounded.
Terence hits you with a +4 heavy falchion!
Ouch! That really hurt!
You don't know any spells.
Okay, then.
You are too injured to fight recklessly!
You scratch Terence but do no damage.
Terence is heavily wounded.
You scratch Terence but do no damage. You bite Terence, but do no damage.
Terence is heavily wounded.
Terence hits you with a +4 heavy falchion!
Ouch! That really hurt!
You die...
Xom guffaws!

#.# #.#
#############.##
#...............
#.........###.##
#.######.#######.#
#<.. #........#
#.# #.##
#..###.#.# #.# #.#
#@#.# #.###.##
#@#.# #.......
#...# ########
#..## #wg# #..# ##
#..# .. #..# ##


You could see Terence, a worm and a goblin.

Vanquished Creatures
  4 bats (D:1)
  2 endoplasms
  2 giant cockroaches (D:1)
  3 goblins (D:1)
  2 hobgoblins (D:1)
  A kobold (D:1)
  A frilled lizard (D:1)
  4 rats
19 creatures vanquished.

Vanquished Creatures (others)
  4 toadstools (D:1)
4 creatures vanquished.

Grand Total: 23 creatures vanquished

Notes
Turn   | Place    | Note
-------+----------+-------------------------------------------
     0 | D:1      | Bnni the Felid Chaos Knight began the quest for the Orb.
     0 | D:1      | Reached XP level 1. HP: 10/10 MP: 2/2
   179 | D:1      | Reached XP level 2. HP: 14/14 MP: 3/3
   245 | D:1      | XOM: potion effect (invisibility)
   266 | D:1      | XOM: silly message
   336 | D:1      | Reached skill level 1 in Stealth
   684 | D:2      | Noticed Terence
   689 | D:2      | Mangled by Terence

Illustrated notes

Levels and vault maps discovered:
D:1:      ldierk_walled_garden_2, layout_basic
D:2:      layout_loops_ring, basic_altar, chequers_serial_rivers_micro_b,
          uniq_natasha, uniq_terence

Skill      XL: |  1  2 |
---------------+-------+-----
Stealth        | 1 |  1.1
Fighting       | |  3.3
Dodging        | |  3.2
Unarmed Combat | |  3.6

Action                   || total
-------------------------++-------
Melee: Unarmed           ||    52
       Bite              ||     4
       Punch             ||     1
 Stab: Sleeping          ||     6
Armor: Skin              ||     4
Dodge: Dodged            ||    45

Table legend: (Time is in decaauts)
 A = Elapsed time spent in this place.
 B = Non-inter-level travel time spent in this place.
 C = Inter-level travel time spent in this place.
 D = Time resting spent in this place.
 E = Time spent auto-exploring this place.
 F = Levels seen in this place.
 G = Mean time per level.
                   A        B        C        D        E       F      G
               +--------+--------+--------+--------+--------+-----+--------+
         Total |    572 |    566 |      6 |      0 |    420 |   2 |  286.0 |
       Dungeon |    572 |    566 |      6 |      0 |    420 |   2 |  286.0 |
               +--------+--------+--------+--------+--------+-----+--------+

Top non-repeatable levels by time:
     D:1: 443 daAuts
     D:2: 128 daAuts
